cohdb
Replays
Latest Replays
All Replays
Popular Replays
Top Player Replays
Match Explorer
How It Works
Community
CoH3 Stats
Reddit
Sign in to upload your games and track your stats! →
Sign in with Steam
Match 46790190
Unlisted
Match 46790190
Overview
Messages
Build Orders
End
Engineer Squad
Construct Weapon Support Center
Selects Heavy Weapons
M1919 Machine Gun Team
M1919 Machine Gun Team
M1919 Machine Gun Team
Infantry Support Center
Bazooka Squad
Selects Assault Carriers
M3 Assault Carrier
M3 Assault Carrier
Engineer Squad
M3 Assault Carrier
Selects Exchangeable Parts
M3 Assault Carrier
M3 Assault Carrier
Selects Towed M5 3-inch Anti-tank Gun
Towed M5 3-inch Anti-tank Gun
Selects M2HB .50cal Heavy Machine Gun
Towed M5 3-inch Anti-tank Gun
M1919 Machine Gun Team
Engineer Squad
Selects Rapid Reposition
Selects Bolstered Team Weapons
Towed M5 3-inch Anti-tank Gun
M1919 Machine Gun Team
Engineer Squad
M1919 Machine Gun Team
M3 Assault Carrier
M3 Assault Carrier
lemerman9
gabman6
CoH3Master
Belgianfries
Sean
Warrior3074
shane_plyler
AI-COM/RSPN
0
0
Comments
sign in to comment!
No comments posted yet!